 Dungeon Crawl Stone Soup version 0.29.0-4-gdea44cf6ec (webtiles) character file.

Game seed: 801192699108887196

21 qw the Chopper (level 2, -2/17 HPs)
             Began as a Tengu Warper on Aug 28, 2022.
             Slain by Natasha (8 damage)
             ... on level 2 of the Dungeon.
             The game lasted 00:00:05 (1078 turns).

qw the Chopper (Tengu Warper)                       Turns: 1078, Time: 00:00:05

Health: -2/17      AC:  5    Str: 11    XL:     2   Next: 87%
Magic:  6/6        EV: 10    Int: 13    God:
Gold:   57         SH:  0    Dex: 13    Spells: 5/5 levels left

rFire   . . .      SeeInvis .   Y - +0 hand axe
rCold   . . .      Faith    .   (no shield)
rNeg    . . .      Spirit   .   k - +0 ring mail
rPois   .          Reflect  .   (helmet restricted)
rElec   .          Harm     .   (no cloak)
rCorr   .          Rampage  .   (no gloves)
Will    .....                   (boots unavailable)
Stlth   +.........              (no amulet)
HPRegen 0.05/turn               (no ring)
MPRegen 0.10/turn               (no ring)

@: slowed, very slow
A: beak, talons 3
a: no special abilities


You were on level 2 of the Dungeon.
You visited 1 branch of the dungeon, and saw 2 of its levels.

You collected 79 gold pieces.
You spent 22 gold pieces at shops.


Innate Abilities, Weirdness & Mutations

You have a beak for a mouth.
You have claws for feet.


   Skills:
 - Level 2.0 Fighting
 + Level 3.6 Axes
 - Level 1.0 Throwing
 - Level 1.1 Armour
 - Level 2.1 Dodging
 - Level 2.0 Spellcasting
 - Level 2.4 Translocations


You had 5 spell levels left.
You didn't know any spells.
Your spell library contained the following spells:

 Spells                   Type           Power      Damage    Failure   Level
 Blink                    Tloc           14%        N/A       34%         2
 Gell's Gravitas          Tloc           7%         N/A       56%         3
 Lesser Beckoning         Tloc           7%         N/A       56%         3
 Teleport Other           Tloc           7%         N/A       56%         3
 Manifold Assault         Tloc           7%         N/A       99%         5

Inventory:

Hand Weapons
 e - a +0 whip of electrocution
 Y - a +0 hand axe (weapon)
Armour
 k - a +0 ring mail (worn)
Potions
 d - a potion of invisibility {unknown}
 g - a potion of curing {unknown}
 i - a potion of brilliance {unknown}
 j - a potion of lignification {unknown}

Dungeon Overview and Level Annotations

Branches:
Dungeon (2/15)

Altars:

Shops:
D:1 (:*[

Annotations:
D:2 Natasha


Message History

Your surroundings suddenly seem different.
Done exploring.
1043 ||| READING scroll labelled LYR LES CISHRAADD.
As you read the scroll labelled LYR LES CISHRAADD, it crumbles to dust.
It is a scroll of identify.
Really abort (and waste the scroll)?
Done exploring.
1044 ||| DROPPING scroll of blinking.
You drop a scroll of blinking.
Done exploring.
(D) Dungeon
Where to? (* - list waypoints, ? - help)
What level of the Dungeon? (default 1, ? - help)
You see here a +0 short sword.
There is a stone staircase leading down here.
You climb downwards.
Natasha hisses angrily.
There is a stone staircase leading up here.
Natasha is nearby!
Existing waypoints: (2) D:1 Assign waypoint to what number? (0-9, D - delete waypoint) Waypoint 1 assigned to D:2.
Natasha stares at you and mumbles some strange words.
You resist with significant effort.
Natasha stares at you and mumbles some strange words.
The magic dart hits you! Natasha misses you.
You completely miss Natasha. Your kick misses Natasha.
Natasha wildly gestures.
Natasha's front paws start to glow.
Natasha stares at you and mumbles some strange words.
You feel yourself slow down.
You barely miss Natasha. You peck Natasha.
Natasha is lightly wounded.
Natasha claws you.
You hit Natasha but do no damage. Your kick misses Natasha.
Natasha is lightly wounded.
Natasha stares at you and mumbles some strange words.
The magic dart hits you. Natasha claws you!
You die...

#.# #.#
#.# #
#.#.#
##.#. ...
#h# #@#
#.# #.#
#######.#
.......<#
#########


You could see Natasha.

Vanquished Creatures
  A dart slug (D:1)
  3 endoplasms (D:1)
  2 goblins (D:1)
  3 jackals (D:1)
  2 bats (D:1)
  4 frilled lizards (D:1)
  2 kobolds (D:1)
  2 rats (D:1)
19 creatures vanquished.

Notes
Turn   | Place    | Note
-------+----------+-------------------------------------------
     0 | D:1      | qw the Tengu Warper began the quest for the Orb.
     0 | D:1      | Reached XP level 1. HP: 12/12 MP: 4/4
     0 | D:1      | 0 ||| qw: Version: 0.1-a-89-g26bdef1
     0 | D:1      | 0 ||| qw: Game counter: 232
     0 | D:1      | 0 ||| qw: Always use a shield: true
     0 | D:1      | 0 ||| qw: God list: Okawaru
     0 | D:1      | 0 ||| qw: Allow faded altars: false
     0 | D:1      | 0 ||| qw: Do Orc after D:15 true
     0 | D:1      | 0 ||| qw: Do second Lair branch before Depths: true
     0 | D:1      | 0 ||| qw: Lair rune preference: random
     0 | D:1      | 0 ||| qw: Plans: Normal
     0 | D:1      | 0 ||| PLANNING D:1-11
   118 | D:1      | Reached skill level 3 in Axes
   118 | D:1      | Reached XP level 2. HP: 17/17 MP: 6/6
   166 | D:1      | Found Jyneoc Rull's Assorted Antiques.
   173 | D:1      | 173 ||| BUYING lumpy puce potion (22 gold).
   173 | D:1      | Bought a lumpy puce potion for 22 gold pieces
   173 | D:1      | 173 ||| SHOPLISTING scroll labelled FYANOT FAROWK (25 gold,
                  | have 11).
   173 | D:1      | 173 ||| SHOPLISTING scroll labelled LYR LES CISHRAADD (25
                  | gold, have 11).
   173 | D:1      | 173 ||| SHOPLISTING scroll labelled NOOS ETEERHE (25 gold,
                  | have 11).
   173 | D:1      | 173 ||| SHOPLISTING scroll labelled QOPUGH WOSUYKI (25
                  | gold, have 11).
   189 | D:1      | Found Hoereenua's Armour Emporium.
   197 | D:1      | 197 ||| SHOPLISTING +0 chain mail (63 gold, have 11).
   197 | D:1      | 197 ||| SHOPLISTING +0 ring mail (56 gold, have 11).
   197 | D:1      | 197 ||| SHOPLISTING +0 ring mail of cold resistance (154
                  | gold, have 11).
   197 | D:1      | 197 ||| SHOPLISTING +1 chain mail of fire resistance (231
                  | gold, have 11).
   197 | D:1      | 197 ||| SHOPLISTING +3 chain mail of positive energy (329
                  | gold, have 11).
   272 | D:1      | Found Yheciobo's Book Shoppe.
   318 | D:1      | Found Esheap's Antique Weapon Boutique.
   324 | D:1      | 324 ||| SHOPLISTING glowing hand axe (156 gold, have 21).
   324 | D:1      | 324 ||| SHOPLISTING runed whip (143 gold, have 21).
   901 | D:1      | 901 ||| Stepping ~*~*~tactically~*~*~ (stealth).
   903 | D:1      | 903 ||| Stepping ~*~*~tactically~*~*~ (stealth).
  1028 | D:1      | 1028 ||| UPGRADING to +0 ring mail.
  1038 | D:1      | 1038 ||| DROPPING +0 leather armour.
  1039 | D:1      | 1039 ||| DROPPING ring of flight.
  1040 | D:1      | 1040 ||| READING scroll labelled LUUNTU JYLURE.
  1043 | D:1      | 1043 ||| READING scroll labelled LYR LES CISHRAADD.
  1044 | D:1      | 1044 ||| DROPPING scroll of blinking.
  1071 | D:2      | Noticed Natasha
  1078 | D:2      | Slain by Natasha

Levels and vault maps discovered:
D:1:      lemuel_arrival_broad_hall, layout_loops_ring, serial_shops,
          nicolae_shop_crystal, nicolae_shop_waterfront,
          nicolae_shop_hallway_plus, shop, minmay_misc_feat_rows
D:2:      layout_loops_ring, uniq_robin, uniq_natasha

Skill      XL: |  1 |
---------------+----+-----
Axes           | 3 |  3.6
Fighting       | |  2.0
Throwing       | |  1.0
Armour         | |  1.1
Dodging        | |  2.1
Spellcasting   | |  2.0
Translocations | |  2.4

Action                   || total
-------------------------++-------
Melee: Hand axe          ||    33
       Kick              ||     9
       Peck              ||     4
Throw: Boomerang         ||     7
  Use: Scroll            ||     2
Armor: Leather armour    ||    10
Dodge: Dodged            ||    12

Table legend:
 A = Non-vault XP
 B = Vault XP
 C = Vault XP percentage of total XP
 D = Non-vault monster count
 E = Vault monster count
 F = Vault count percentage of total count
                 A         B        C        D         E       F
            +---------+---------+-------+---------+---------+-------
      Total |      31 |       0 |   0.0 |      19 |       0 |   0.0
            +---------+---------+-------+---------+---------+-------
        D:1 |      31 |       0 |   0.0 |      19 |       0 |   0.0
            +---------+---------+-------+---------+---------+-------
